Map: 카이로스 정션 - 래더

Players

JinairRogue (Rogue) - Winner!

  • Race: Zerg Zerg
  • League: Master
  • Spawn Location: 11:00

Zest

  • Race: Protoss Protoss
  • League: Master
  • Spawn Location: 5:00

Event: IEM Season 13 - Katowice Server Qualifiers Asia 1

VOD

Have the link to the VOD?

Description

Time

  • Played on: Jan. 14, 2019, 5:16 a.m.
  • Length: 8:43

All games in this series

Show
View Real Time Build Order
Export as new Build Order

JinairRogue Zerg - Winner!

Build Orders: Hatch First 

Get SALT Encoding   

  12  0:00  Drone  
  13  0:12  Overlord  
  13  0:17  Drone  
  14  0:31  Drone x2  
  16  0:49  Hatchery  
  15  0:52  Drone  
  15  0:55  Drone  
  17  0:58  Drone  
  18  1:10  Extractor  
  17  1:14  Spawning Pool  
  17  1:16  Drone  
  17  1:20  Drone  
  18  1:28  Drone  
  19  1:39  Drone  
  20  1:50  Hatchery  
  20  1:52  Drone  
  20  2:02  Queen  
  20  2:06  Drone  
  23  2:09  Drone  
  26  2:15  Drone x2  
  26  2:22  Metabolic Boost  
  26  2:27  Overlord  
  26  2:31  Zergling x2  
  26  2:32  Zergling x2  
  28  2:45  Queen x2  
  28  2:47  Zergling x2  
  33  2:52  Zergling x4  
  33  2:55  Zergling x2  
  36  3:01  Queen  
  38  3:05  Overlord  
  38  3:11  Drone x2  
  38  3:12  Drone  
  40  3:16  Drone  
  41  3:25  Queen, Drone  
  44  3:29  Overlord  
  44  3:33  Overlord  
  44  3:40  Spore Crawler  
  43  3:46  Spore Crawler  
  43  3:48  Drone x5  
  43  3:49  Drone  
  43  3:51  Drone  
  49  3:56  Drone x2  
  49  3:59  Drone x2  
  53  4:05  Drone x3  
  53  4:09  Drone  
  57  4:14  Drone  
  57  4:15  Drone  
  57  4:19  Overlord x2  
  57  4:23  Roach Warren  
  56  4:29  Zergling x4  
  58  4:31  Overlord  
  58  4:36  Overlord  
  58  4:37  Lair  
  58  4:39  Extractor  
  58  4:40  Extractor  
  58  4:42  Drone  
  58  4:43  Drone x3  
  58  4:44  Drone x2  
  62  4:46  Drone  
  62  4:50  Zergling x2  
  62  4:51  Zergling x6  
  66  4:53  Drone x2  
  66  4:56  Drone  
  66  4:59  Drone  
  70  5:00  Spore Crawler  
  70  5:05  Drone x2  
  71  5:08  Drone x3  
  71  5:09  Drone x3  
  71  5:12  Overlord  
  77  5:16  Drone x2  
  77  5:17  Drone  
  80  5:23  Overlord x2  
  80  5:25  Extractor  
  80  5:26  Extractor  
  78  5:36  Glial Reconstitution  
  78  5:37  Roach x5  
  78  5:42  Roach  
  90  5:48  Drone x10  
  100  5:52  Drone  
  100  5:53  Spore Crawler  
  97  5:59  Overlord  
  97  6:02  Drone  
  97  6:04  Overlord  
  95  6:11  Hydralisk Den  
  95  6:12  Zergling x2  
  95  6:13  Zergling x2  
  95  6:18  Evolution Chamber  
  92  6:35  Overlord x2  
  88  6:40  Spore Crawler  
  88  6:42  Hatchery, Grooved Spines  
  88  6:43  Evolution Chamber  
  88  6:46  Hydralisk x12  
  110  6:52  Overlord x2  
  110  7:00  Hydralisk  
  110  7:01  Hydralisk x3  
  112  7:14  Roach x7  
  124  7:21  Roach x5  
  128  7:33  Roach  
  128  7:34  Roach x4  
  128  7:36  Roach  
  128  7:37  Roach x2  
  138  7:42  Overlord  
  138  7:43  Overlord  
  140  7:44  Ravager x2  
  140  7:45  Ravager  
  140  7:47  Zergling x2  
  140  7:48  Zergling x6  
  140  7:49  Zergling x2  
  140  7:51  Overseer  
  146  7:55  Zergling x6  
  146  7:56  Zergling x2  
  146  7:57  Ravager  
  151  8:03  Zergling x4  
  153  8:08  Ravager  
  153  8:09  Zergling x10  
  153  8:10  Zergling x2  
  160  8:17  Zergling x12  
  160  8:18  Zergling x2  
  160  8:19  Zergling x2  
  166  8:25  Zergling x6  
Show
View Real Time Build Order
Export as new Build Order

Zest Protoss 

Build Orders: 1 Gate Expand, Oracle Opening, Phoenix Opening, Mass Phoenix 

Get SALT Encoding   

  12  0:00  Probe  
  13  0:12  Probe  
  14  0:17  Pylon  
  14  0:24  Probe  
  15  0:32  Probe  
  15  0:37  Gateway  
  15  0:40  Probe  
  16  0:47  Assimilator  
  17  0:51  Probe  
  18  1:03  Probe  
  19  1:15  Probe  
  20  1:25  Nexus  
  20  1:35  Cybernetics Core  
  20  1:38  Probe  
  21  1:45  Assimilator  
  21  1:50  Probe  
  21  1:53  Pylon  
  22  2:02  Probe  
  22  2:03  Adept  
  23  2:14  Probe  
  26  2:17  Stargate  
  26  2:21  Adept  
  26  2:24  Warp Gate  
  26  2:26  Probe  
  29  2:37  Probe  
  29  2:39  Probe  
  31  2:49  Probe  
  31  2:51  Probe, Phoenix  
  33  3:01  Probe  
  33  3:03  Probe  
  37  3:08  Oracle  
  37  3:09  Pylon  
  37  3:13  Probe  
  37  3:15  Probe  
  42  3:25  Probe  
  42  3:26  Assimilator  
  43  3:27  Probe  
  43  3:28  Assimilator  
  43  3:32  Gateway  
  44  3:37  Probe  
  44  3:39  Probe  
  46  3:44  Stargate  
  46  3:50  Probe  
  46  3:54  Probe  
  48  3:59  Pylon  
  48  4:00  Phoenix  
  50  4:04  Probe  
  50  4:06  Probe  
  52  4:17  Probe  
  52  4:18  Probe  
  52  4:20  Phoenix x2  
  52  4:29  Probe  
  52  4:30  Probe  
  58  4:33  Adept  
  58  4:34  Zealot  
  58  4:35  Pylon  
  62  4:51  Phoenix  
  62  4:52  Phoenix, Pylon  
  62  4:57  Nexus  
  66  5:03  Pylon  
  66  5:06  Probe x2  
  68  5:08  Phoenix  
  68  5:09  Phoenix  
  68  5:18  Shield Battery  
  68  5:19  Sentry  
  68  5:21  Sentry  
  76  5:31  Probe x2, Pylon  
  78  5:43  Robotics Facility, Probe x2  
  78  5:45  Robotics Facility  
  80  5:55  Probe x2  
  80  6:00  Zealot  
  80  6:03  Zealot  
  82  6:07  Probe x2  
  82  6:15  Probe  
  82  6:19  Probe x2  
  82  6:25  Probe  
  84  6:28  Probe  
  84  6:31  Probe, Assimilator  
  87  6:33  Probe, Assimilator  
  87  6:36  Probe  
  87  6:39  Observer  
  90  6:40  Observer  
  90  6:42  Probe  
  90  6:43  Probe  
  90  6:46  Probe, Adept x2  
  97  6:54  Probe, Immortal  
  99  6:56  Probe  
  99  6:58  Probe  
  101  7:02  Immortal  
  109  7:09  Probe  
  106  7:19  Forge, Twilight Council  
  106  7:22  Probe x2  
  104  7:29  Phoenix x2  
  103  7:35  Immortal  
  105  7:40  Pylon  
  109  7:46  Pylon  
  109  7:55  Gateway, Phoenix  
  109  7:59  Sentry x2, Gateway x2, Immortal  
  109  8:02  Gateway  
  119  8:10  Shield Battery x2  
  119  8:26  Sentry x2  

Tags
 
Add a new tag
Caveats
  • Supply blocks, unpowered buildings, or Contaminate may cause inaccurate times.
  • Supply counts are checked every 10 seconds.